 Dungeon Crawl Stone Soup version 0.25-a0-424-g80bd347ae0 (webtiles) character file.

Game seed: 10334149091599388544, levelgen mode: deterministic

38 BeastOfSaturn the Gusty (level 3, -1/26 HPs)
             Began as a Hill Orc Air Elementalist on Jan 23, 2020.
             Slain by a gnoll
             ... wielding a +0 spear
              (4 damage)
             ... on level 2 of the Dungeon.
             The game lasted 00:05:44 (1669 turns).

BeastOfSaturn the Gusty (Hill Orc Air Elementalist) Turns: 1669, Time: 00:05:45

Health: -1/26      AC:  2    Str: 11    XL:     3   Next: 43%
Magic:  2/5        EV: 12    Int: 15    God:
Gold:   15         SH:  0    Dex: 11    Spells: 1/5 levels left

rFire    . . .     SeeInvis .   d - +0 club
rCold    . . .     Gourm    .   (no shield)
rNeg     . . .     Faith    .   a - +0 robe
rPois    .         Spirit   .   (no helmet)
rElec    .         Reflect  .   (no cloak)
rCorr    .         Harm     .   (no gloves)
MR       .....                  (no boots)
Stlth    ++........             (no amulet)
HPRegen  0.08/turn              (no ring)
MPRegen  0.09/turn              (no ring)

@: no status effects
A: no striking features
a: no special abilities


You were on level 2 of the Dungeon.
You were not hungry.

You visited 1 branch of the dungeon, and saw 2 of its levels.

You collected 15 gold pieces.

Inventory:

Hand Weapons
 d - a +0 club (weapon)
Armour
 a - a +0 robe (worn)
 h - a cursed +0 helmet
Jewellery
 i - a cursed ring of attention {unknown}
Scrolls
 b - a scroll of identify {unknown}
 c - a scroll of noise {unknown}
 f - 2 scrolls of teleportation {unknown}
 g - a scroll of enchant weapon {unknown}
 j - a scroll of amnesia {unknown}
Potions
 e - a potion of brilliance {unknown}
Comestibles
 k - a ration


   Skills:
 + Level 0.2 Fighting
 + Level 1.1 Maces & Flails
 + Level 1.9 Dodging
 + Level 1.6 Stealth
 + Level 1.7 Spellcasting
 + Level 1.1 Conjurations
 + Level 3.0 Air Magic


You had one spell level left.
You knew the following spells:

 Your Spells              Type           Power        Failure   Level  Hunger
a - Shock                 Conj/Air       #...         10%         1    ##.....
b - Static Discharge      Conj/Air       #.......     28%         3    ####...

Your spell library contained the following spells:

 Spells                   Type           Power        Failure   Level  Hunger
 Swiftness                Chrm/Air       #.......     19%         2    ###....
 Airstrike                Air            ##........   54%         4    #####..
 Lightning Bolt           Conj/Air       #.........   95%         5    ######.


Dungeon Overview and Level Annotations

Branches:
Dungeon (2/15)

Altars:


Message History

Magic restored.
You start resting.
HP restored.
You climb downwards.
The gnoll hits you with a +0 flail!
There is a stone staircase leading up, spattered with blood here.
Casting: Static Discharge (safe; 28% risk of failure)
Confirm with . or Enter, or press ? or * to list all spells.
The gnoll is struck by an arc of lightning.
The gnoll is moderately wounded.
The lightning grounds out.
The gnoll hits you from afar with a +0 spear!
* * * LOW HITPOINT WARNING * * *
The gnoll hits you but does no damage. The gnoll hits you with a +0 flail.
* * * LOW HITPOINT WARNING * * *
Casting: Static Discharge (safe; 28% risk of failure)
Confirm with . or Enter, or press ? or * to list all spells.
Okay, then.
The gnoll hits you but does no damage.
The gnoll hits you from afar with a +0 spear.
You die...

# #.# #.#.###
#.#.... #......
######## #.#
#......# #g#
#.####.# #g#
#.####<### #.#
#.@.gg...######.##
#.g.g............##
#.###'##.####.....#
#.#....#.# ##.....
#.+.♣..#.# ##.###
#.#..♣.+.# #.#
###....### #.#
##'### ##+# #..#
##...##


You could see 4 gnolls.

Vanquished Creatures
  An adder (D:2)
  2 dart slugs
  A leopard gecko (D:1)
  2 ball pythons (D:1)
  A bat (D:1)
  2 giant cockroaches
  A goblin (D:1)
  3 hobgoblins (D:1)
  A frilled lizard (D:1)
  4 kobolds (D:1)
  6 rats (D:1)
24 creatures vanquished.

Notes
Turn   | Place    | Note
-------+----------+-------------------------------------------
     0 | D:1      | BeastOfSaturn the Hill Orc Air Elementalist began the quest
                  | for the Orb.
     0 | D:1      | Reached XP level 1. HP: 14/14 MP: 3/3
   113 | D:1      | Reached XP level 2. HP: 20/20 MP: 0/4
   794 | D:1      | Reached skill level 3 in Air Magic
   950 | D:1      | Reached XP level 3. HP: 20/26 MP: 3/5
   955 | D:1      | Learned a level 3 spell: Static Discharge
  1336 | D:2      | Reached skill level 1 in Maces & Flails
  1669 | D:2      | Slain by a gnoll

Levels and vault maps discovered:
D:1:      evilmike_arrival_plus, layout_basic, minmay_domino_2
D:2:      kennysheep_big_flooded_room, layout_loops_corners,
          serial_bayou_pond_d, hangedman_decor_lopped,
          kennysheep_generic_room_14, uniq_natasha

Skill      XL: |  1  2  3 |
---------------+----------+-----
Air Magic      | 3 |  3.0
Maces & Flails | 1 |  1.1
Fighting       | |  0.2
Dodging        | |  1.9
Stealth        | |  1.6
Spellcasting   | |  1.7
Conjurations   | |  1.1

Action                   || total
-------------------------++-------
Melee: Club              ||    63
       Unarmed           ||     1
 Cast: Shock             ||    35
       Static Discharge  ||     4
  Eat: Ration            ||     1
Armor: Robe              ||    23
Dodge: Dodged            ||    58

Table legend:
 A = Non-vault XP
 B = Vault XP
 C = Vault XP percentage of total XP
 D = Non-vault monster count
 E = Vault monster count
 F = Vault count percentage of total count
                 A         B        C        D         E       F
            +---------+---------+-------+---------+---------+-------
      Total |      38 |      17 |  30.9 |      21 |       3 |  12.5
            +---------+---------+-------+---------+---------+-------
        D:1 |      34 |       2 |   5.6 |      20 |       1 |   4.8
        D:2 |       4 |      15 |  78.9 |       1 |       2 |  66.7
            +---------+---------+-------+---------+---------+-------
